 Dungeon Crawl Stone Soup version 0.31-a0-408-gb642c7f9a3 (webtiles) character file.

Game seed: 10140551492978470240

121 Flugkiller the Changeling (level 4, -6/34 HPs)
             Began as a Demonspawn Shapeshifter on July 29, 2023.
             Mangled by Grinder (8 damage)
             ... on level 3 of the Dungeon.
             The game lasted 00:01:58 (1425 turns).

Flugkiller the Changeling (Demonspawn Shapeshifter) Turns: 1425, Time: 00:01:59

Health: -6/34      AC:  2    Str: 17    XL:     4   Next: 77%
Magic:  4/4        EV: 12    Int:  9    God:
Gold:   70         SH:  0    Dex: 16    Spells: 3/3 levels left

rFire   . . .        k - +2 dagger (venom)
rCold   . . .        (no shield)
rNeg    . . .        a - +0 animal skin
rPois   .            (helmet currently unavailable)
rElec   .            (cloak currently unavailable)
rCorr   .            (gloves currently unavailable)
SInv    .            (boots currently unavailable)
Will    +....        (no amulet)
Stlth   ++           m - ring of willpower
HPRegen 0.25/turn    (no ring)
MPRegen 0.09/turn

%: no passive effects
@: mighty, beast-form
A: beast (slay +2), hooves 1, thin skeletal structure 1, powered by pain 1
a: Begin Untransformation


You were on level 3 of the Dungeon.
You were a hulking beast.
You visited 1 branch of the dungeon, and saw 3 of its levels.

You collected 70 gold pieces.

Inventory:

Hand Weapons
 k - a +2 dagger of venom (weapon)
   (You took it off a goblin on level 3 of the Dungeon)
Armour
 a - a +0 animal skin (worn)
Jewellery
 m - a ring of willpower (left hand)
   (You found it on level 2 of the Dungeon)
Talismans
 c - a beast talisman
Scrolls
 b - a scroll of enchant weapon {unknown}
 d - a scroll of torment {unknown}
 f - a scroll of revelation {unknown}
 g - a scroll of vulnerability {unknown}
 h - 3 scrolls of identify {unknown}
 i - a scroll of silence {unknown}
 j - a scroll of teleportation {unknown}


   Skills:
 + Level 2.4 Fighting
 - Level 1.7 Dodging
 + Level 3.4 Unarmed Combat
 * Level 3.7 Shapeshifting


You had 3 spell levels left.
You didn't know any spells.
Your spell library contained the following spells:

 Spells                   Type           Power      Damage    Failure   Level
 Magic Dart               Conj           0%         1d3       38%         1
 Searing Ray              Conj           0%         2d4       52%         2
 Fulminant Prism          Conj/Hex       0%         3d5       99%         4


Dungeon Overview and Level Annotations

Branches:
Dungeon (3/15) Zot: 16580

Altars:
Hepliaklqana
Vehumet

Annotations:
D:3 Grinder


Innate Abilities, Weirdness & Mutations

You are a hulking beast.
Your limbs bulge with bestial killing power. (Slay +2)
You have large cloven feet.
You have a somewhat thin skeletal structure. (Dex +2, Stealth+)
You sometimes gain a little power by taking damage.


Message History

You now have 70 gold pieces (gained 3).
A goblin comes into view. It is wielding a +2 dagger of venom.
A goblin is nearby!
A goblin is nearby!
The goblin shouts!
Found a pair of boots.
You punch the goblin!
You kill the goblin!
No target in view!
No target in view!
No target in view!
No target in view!
No target in view!
You see here a +2 dagger of venom.
No target in view!
You see here a +0 pair of boots.
An endoplasm comes into view.
You see here a scroll labelled ZERYFRASOAPH.
An endoplasm is nearby!
An endoplasm is nearby!
You hit the endoplasm.
The endoplasm is heavily wounded.
The endoplasm freezes you.
You are frozen.
You hit the endoplasm.
You kill the endoplasm!
No target in view!
No target in view!
No target in view!
No target in view!
No target in view!
h - 3 scrolls labelled ZERYFRASOAPH (gained 1)
You see here a +0 pair of boots.
You see here a +2 dagger of venom.
k - a +2 dagger of venom Your +2 dagger of venom begins to drip with poison!
k - a +2 dagger of venom (weapon)
Unknown command.
A hobgoblin comes into view.
Found a scratched ivory ring.
A hobgoblin is nearby!
A hobgoblin is nearby!
A hobgoblin is nearby!
The hobgoblin shouts!
A rat comes into view.
You barely miss the hobgoblin.
The rat twitches its whiskers.
The hobgoblin hits you.
You hit the hobgoblin.
The hobgoblin is poisoned.
The hobgoblin is moderately wounded.
The hobgoblin hits you.
You hit the hobgoblin.
You kill the hobgoblin!
The rat barely misses you.
You puncture the rat!
You kill the rat!
No target in view!
No target in view!
l - a +6 ring of intelligence You drop a +6 ring of intelligence.
Found a stone staircase leading up.
Grinder comes into view.
Grinder shouts!
Grinder blinks!
Grinder moves out of view.
There is a stone staircase leading up here.
Grinder is nearby!
Grinder is nearby!
Grinder gestures at you. Pain shoots through your body!
You focus on the pain.
You feel very mighty all of a sudden. Grinder barely misses you.
Grinder attacks as you move away! Grinder hits you.
Okay, then.
It was a potion of curing.
You feel better.
You puncture Grinder!
Grinder is moderately wounded.
Grinder says, "Don't move a muscle."
Grinder barely misses you.
You hit Grinder. You kick Grinder.
Grinder is heavily wounded.
Grinder closely misses you.
You hit Grinder but do no damage. You kick Grinder.
Grinder is severely wounded.
Grinder gestures at you.
You suddenly lose the ability to move!
Grinder hits you. Grinder hits you!
You writhe in agony.
* * * LOW HITPOINT WARNING * * *
Grinder hits you!
* * * LOW HITPOINT WARNING * * *
You writhe in agony.
* * * LOW HITPOINT WARNING * * *
Grinder gestures at you.
You shrug off the repeated paralysis!
You can move again.
You puncture Grinder!
Grinder is severely wounded.
Grinder says, "I used to sell toenails on the black market."
Grinder hits you!
You die...

.. ...# #... #.#.##########
#.#..........#########
...............5......
#.....<..#5#...#### #.#
#......#.#h#.....##.#.#
#....###.#.##..#.##.#.#
#........#.##..#.##.#.#
#.#####.####.##..#.##.#.#
#..........#.##..#.##.#.#
#######.##.#.##..#..#.#.#####
#.##.#.##.......#......
###....#.##.....(.......#
#......#....._8_.######.#


You could see Grinder.

Vanquished Creatures
  An orc priest (D:3)
  4 adders (D:2)
  A worm (D:2)
  2 dart slugs
  2 orcs (D:3)
  6 endoplasms
  3 giant cockroaches
  6 goblins
  2 hobgoblins
  2 jackals (D:1)
  2 kobolds
  2 quokkas
  2 ball pythons
  5 bats
  A frilled lizard (D:1)
  4 rats
45 creatures vanquished.

Notes
Turn   | Place    | Note
-------+----------+-------------------------------------------
     0 | D:1      | Flugkiller the Demonspawn Shapeshifter began the quest for
                  | the Orb.
     0 | D:1      | Reached XP level 1. HP: 15/15 MP: 1/1
   258 | D:1      | Found a faded altar of an unknown god.
   286 | D:1      | Gained mutation: You have large cloven feet. [demonic
                  | ancestry]
   286 | D:1      | Reached XP level 2. HP: 10/21 MP: 2/2
   748 | D:2      | Gained mutation: You sometimes gain a little power by
                  | taking damage. [demonic ancestry]
   748 | D:2      | Reached XP level 3. HP: 22/27 MP: 3/3
   908 | D:2      | Gained mutation: You have a somewhat thin skeletal
                  | structure. (Dex +2, Stealth+) [demonic ancestry]
   908 | D:2      | Reached XP level 4. HP: 33/33 MP: 4/4
  1245 | D:3      | Found a radiant altar of Vehumet.
  1248 | D:3      | Found a hazy altar of Hepliaklqana.
  1406 | D:3      | Noticed Grinder
  1420 | D:3      | Paralysed by Grinder for 5 turns
  1425 | D:3      | Mangled by Grinder

Illustrated notes

Levels and vault maps discovered:
D:1:      lemuel_arrival_lava_pool, layout_rooms,
          hellmonk_ecumenical_altar_run_dry, grunt_decor_junction
D:2:      layout_rooms
D:3:      layout_basic, nicolae_overflow_hidden_temple,
          chequers_temple_overflow_statue_of_worship, fountainhead, uniq_grinder

Skill      XL: |  1  2  3 |
---------------+----------+-----
Shapeshifting  | 3 |  3.7
Unarmed Combat | 3 |  3.4
Fighting       | 2 |  2.4
Dodging        | |  1.7

Action                     |  1- 3 |  4- 6 || total
---------------------------+-------+-------++-------
  Melee: Unarmed           |    92 |    28 ||   120
         Kick              |    13 |     7 ||    20
         Punch             |     1 |     1 ||     2
         Dagger            |       |     8 ||     8
    Use: Scroll            |     1 |       ||     1
         Potion            |     2 |     1 ||     3
   Stab: Sleeping          |     1 |     2 ||     3
 Armour: Animal skin       |    16 |     1 ||    17
         Skin              |    13 |       ||    13
  Dodge: Dodged            |    54 |    17 ||    71

Table legend: (Time is in decaauts)
 A = Elapsed time spent in this place.
 B = Non-inter-level travel time spent in this place.
 C = Inter-level travel time spent in this place.
 D = Time resting spent in this place.
 E = Time spent auto-exploring this place.
 F = Levels seen in this place.
 G = Mean time per level.
                   A        B        C        D        E       F      G
               +--------+--------+--------+--------+--------+-----+--------+
         Total |   1418 |   1378 |     40 |    210 |    815 |   3 |  472.7 |
       Dungeon |   1418 |   1378 |     40 |    210 |    815 |   3 |  472.7 |
               +--------+--------+--------+--------+--------+-----+--------+

Top non-repeatable levels by time:
     D:1: 671 daAuts
     D:2: 524 daAuts
     D:3: 222 daAuts
